[Event "EYCC Open-U10 2019"]
[Site "Bratislava"]
[Date "2019.08.02"]
[Round "1.1"]
[White "Faivishevsky, Noam"]
[Black "Materia, Marco"]
[Result "0-1"]
[ECO "C77"]
[WhiteElo "1401"]
[BlackElo "2243"]
[Annotator "NA"]
[PlyCount "90"]
[EventDate "2019.08.02"]
[EventType "swiss"]
[EventCountry "SVK"]
[SourceTitle "playchess.com"]
[Source "ChessBase"]
[SourceQuality "1"]
[TimeControl "40/5400+30:1800+30"]

1. e4 e5 2. Nf3 Nc6 3. Bb5 a6 4. Ba4 Nf6 5. d3 d6 6. c3 g6 7. Nbd2 Bg7 8. O-O O-O 9. Re1 b5 10. Bc2 Bb7 11. d4 exd4 12. cxd4 d5 13. e5 Nd7 14. Nf1 f6 15. e6 Nb6 16. h4 Re8 17. g4 Bc8 18. h5 Rxe6 19. Rxe6 Bxe6 20. hxg6 hxg6 21. Ne3 Ne7 22. b3 Qd6 23. a4 c6 24. Bd3 Qd7 25. Nh4 Bf7 26. Ba3 Nbc8 27. Bc5 Bh6 28. Qf3 Kg7 29. axb5 cxb5 30. Ra5 Nd6 31. Bxd6 Qxd6 32. Bxb5 Qb6 33. b4 Qxd4 34. Ra4 Qb6 35. Bc4 Qc6 36. b5 axb5 37. Bxb5 Qc1+ 38. Kg2 Rxa4 39. Bxa4 d4 40. Qd1 Bxe3 41. fxe3 Bd5+ 42. Kh2 Qxe3 43. Bc2 Qf2+ 44. Kh3 g5 45. Nf5+ Nxf5 0-1

[Event "EYCC Open-U10 2019"]
[Site "Bratislava"]
[Date "2019.08.02"]
[Round "1.2"]
[White "Finek, Vaclav"]
[Black "Jalovec, Igor"]
[Result "1-0"]
[ECO "E10"]
[WhiteElo "2043"]
[BlackElo "1465"]
[Annotator "NA"]
[PlyCount "65"]
[EventDate "2019.08.02"]
[EventType "swiss"]
[EventCountry "SVK"]
[SourceTitle "playchess.com"]
[Source "ChessBase"]
[SourceQuality "1"]
[TimeControl "40/5400+30:1800+30"]

1. d4 Nf6 2. c4 e6 3. Nf3 d5 4. e3 Be7 5. b3 O-O 6. Be2 Nbd7 7. O-O Ne4 8. Bb2 Ndf6 9. Nbd2 Nxd2 10. Qxd2 c5 11. Rfd1 Qb6 12. dxc5 Bxc5 13. Bxf6 gxf6 14. cxd5 Rd8 15. Bc4 Kh8 16. Qb2 e5 17. Nd2 Bf5 18. Nf1 Rg8 19. Ng3 Bd7 20. Rac1 Rac8 21. Kh1 Qa5 22. Qe2 Bg4 23. f3 Bd7 24. d6 Be6 25. Bxe6 fxe6 26. Qc4 Bxd6 27. Qxe6 Rgd8 28. Rxc8 Rxc8 29. Qxc8+ Kg7 30. Qd7+ Kg6 31. Qf5+ Kg7 32. Nh5+ Kf8 33. Qxf6+ 1-0

[Event "EYCC Open-U10 2019"]
[Site "Bratislava"]
[Date "2019.08.02"]
[Round "1.3"]
[White "Arora, Abhiraaj"]
[Black "Vetokhin, Savva"]
[Result "0-1"]
[ECO "B56"]
[WhiteElo "1463"]
[BlackElo "1954"]
[Annotator "NA"]
[PlyCount "98"]
[EventDate "2019.08.02"]
[EventType "swiss"]
[EventCountry "SVK"]
[SourceTitle "playchess.com"]
[Source "ChessBase"]
[SourceQuality "1"]
[TimeControl "40/5400+30:1800+30"]

1. e4 c5 2. Nf3 Nc6 3. d4 cxd4 4. Nxd4 Nf6 5. Nc3 d6 6. Be3 Ng4 7. Nf5 Nxe3 8. Nxe3 g6 9. Bc4 Bg7 10. Qd2 O-O 11. O-O-O Bd7 12. h4 Rc8 13. h5 Na5 14. Bb3 Nxb3+ 15. cxb3 Qa5 16. Ned5 Rfe8 17. Kb1 e6 18. b4 Qd8 19. Nf4 Qg5 20. Nce2 Ba4 21. Rdg1 e5 22. hxg6 hxg6 23. Qd5 Bc6 24. Nh3 Qg4 25. Qd2 Bxe4+ 26. Ka1 Rc2 27. Qxd6 Qxe2 28. Re1 Qd3 29. Qxd3 Bxd3 30. Rd1 e4 31. Rb1 Re2 32. Rhc1 Bxb1 33. Rxb1 Rd8 34. a3 Rdd2 35. Ng5 Bxb2+ 36. Ka2 Bf6+ 37. Kb3 Bxg5 38. Ka4 Rxf2 39. Re1 e3 40. Rc1 e2 41. Rc8+ Bd8 42. Rc1 Rd1 43. Rc2 e1=Q 44. Rc8 b5+ 45. Kxb5 Qe8+ 46. Ka6 Rf6+ 47. Kxa7 Qd7+ 48. Kb8 Rb6+ 49. Ka8 Qb7# 0-1

[Event "EYCC Open-U10 2019"]
[Site "Bratislava"]
[Date "2019.08.02"]
[Round "1.4"]
[White "Royal, Shreyas"]
[Black "Qasem, Muhamad Mody"]
[Result "1-0"]
[ECO "E08"]
[WhiteElo "1996"]
[BlackElo "1400"]
[Annotator "NA"]
[PlyCount "65"]
[EventDate "2019.08.02"]
[EventType "swiss"]
[EventCountry "SVK"]
[SourceTitle "playchess.com"]
[Source "ChessBase"]
[SourceQuality "1"]
[TimeControl "40/5400+30:1800+30"]

1. d4 Nf6 2. c4 e6 3. g3 d5 4. Bg2 Be7 5. Nf3 O-O 6. O-O c6 7. Qc2 Nbd7 8. b3 b6 9. Bb2 Bb7 10. Rd1 Rc8 11. Nc3 Re8 12. e4 Nxe4 13. Nxe4 dxe4 14. Qxe4 Nf6 15. Qe2 Qc7 16. Rac1 Rcd8 17. a3 c5 18. dxc5 bxc5 19. Be5 Qb6 20. Qb2 Bc6 21. Ne1 Bxg2 22. Nxg2 Qb7 23. Ne3 Qf3 24. Bc7 Rc8 25. Ba5 Ng4 26. Nxg4 Qxg4 27. Rd7 Bf6 28. Bc3 Bxc3 29. Qxc3 Rcd8 30. Qd3 Qg5 31. Rd1 Ra8 32. Qf3 Qg6 33. Qxa8 1-0

[Event "EYCC Open-U10 2019"]
[Site "Bratislava"]
[Date "2019.08.02"]
[Round "1.5"]
[White "Haubold, Christian Lucas"]
[Black "Salinas Tomas, Daniel"]
[Result "1/2-1/2"]
[ECO "B42"]
[WhiteElo "1429"]
[BlackElo "2001"]
[Annotator "NA"]
[PlyCount "43"]
[EventDate "2019.08.02"]
[EventType "swiss"]
[EventCountry "SVK"]
[SourceTitle "playchess.com"]
[Source "ChessBase"]
[SourceQuality "1"]
[TimeControl "40/5400+30:1800+30"]

1. e4 c5 2. Nf3 e6 3. d4 cxd4 4. Nxd4 a6 5. Bd3 Nf6 6. Qe2 d6 7. O-O Be7 8. c4 O-O 9. Nc3 Nbd7 10. Be3 Qc7 11. b3 Ne5 12. f4 Nxd3 13. Qxd3 Ng4 14. Bd2 Nf6 15. h3 Nd7 16. f5 Ne5 17. Qg3 Bf6 18. Nf3 Kh8 19. Bg5 Nxf3+ 20. Rxf3 Bd4+ 21. Kh1 f6 22. Bd2 1/2-1/2

[Event "EYCC Open-U10 2019"]
[Site "Bratislava"]
[Date "2019.08.02"]
[Round "1.6"]
[White "Toktomushev, Teimur"]
[Black "Klaska, Philipp Leon"]
[Result "0-1"]
[ECO "D05"]
[WhiteElo "1977"]
[BlackElo "1441"]
[Annotator "NA"]
[PlyCount "106"]
[EventDate "2019.08.02"]
[EventType "swiss"]
[EventCountry "SVK"]
[SourceTitle "playchess.com"]
[Source "ChessBase"]
[SourceQuality "1"]
[TimeControl "40/5400+30:1800+30"]

1. d4 d5 2. Nf3 e6 3. e3 Nf6 4. Nbd2 Be7 5. b3 O-O 6. Bb2 Nbd7 7. Bd3 c5 8. O-O b6 9. Ne5 Bb7 10. f4 Rc8 11. Qf3 Qc7 12. Qh3 Ne4 13. Nxe4 dxe4 14. Bc4 Nf6 15. Rf2 Bd5 16. g4 Bxc4 17. Nxc4 b5 18. Ne5 c4 19. c3 Nd5 20. Rc2 f6 21. g5 f5 22. Kh1 g6 23. Re1 Bd6 24. Qg3 Bxe5 25. dxe5 cxb3 26. axb3 Nb4 27. Rd2 Nd3 28. Red1 Rfd8 29. Ba1 a5 30. h4 a4 31. bxa4 bxa4 32. h5 Rb8 33. Qh4 gxh5 34. Qxh5 Qf7 35. Qh4 a3 36. Kg1 Qa7 37. Qg3 Rd7 38. c4 a2 39. Kh2 Rb1 40. Qh3 Qa4 41. Qh6 Qxc4 42. Qf6 Rxd1 43. Rxd1 Qc2+ 44. Kh3 Qxd1 45. Qxe6+ Rf7 46. Qe8+ Rf8 47. Qe6+ Rf7 48. Qe8+ Rf8 49. Qe6+ Kh8 50. Qe7 Qh1+ 51. Kg3 Qg1+ 52. Kh3 Nf2+ 53. Kh4 Qg4# 0-1

[Event "EYCC Open-U10 2019"]
[Site "Bratislava"]
[Date "2019.08.02"]
[Round "1.7"]
[White "Tykheev, Aldar"]
[Black "Samunenkov, Ihor"]
[Result "0-1"]
[ECO "B03"]
[WhiteElo "1434"]
[BlackElo "1985"]
[Annotator "NA"]
[PlyCount "90"]
[EventDate "2019.08.02"]
[EventType "swiss"]
[EventCountry "SVK"]
[SourceTitle "playchess.com"]
[Source "ChessBase"]
[SourceQuality "1"]
[TimeControl "40/5400+30:1800+30"]

1. e4 Nf6 2. e5 Nd5 3. c4 Nb6 4. d4 d6 5. exd6 cxd6 6. Nc3 g6 7. Nf3 Bg7 8. Be3 O-O 9. Be2 Nc6 10. O-O d5 11. c5 Nc4 12. Bxc4 dxc4 13. d5 Nb4 14. Qa4 Nxd5 15. Nxd5 Qxd5 16. Rfd1 Qh5 17. Qxc4 Bg4 18. Rd5 e5 19. Qe2 Be6 20. Rd2 e4 21. Nd4 Qxe2 22. Rxe2 Bc4 23. Rd2 Rfd8 24. Rc1 Bxa2 25. b4 a6 26. c6 bxc6 27. Nxc6 Rxd2 28. Bxd2 Kf8 29. h3 Rc8 30. Be3 Ke8 31. Rc5 Be6 32. Nd4 Rxc5 33. Nxe6 Rc6 34. Nxg7+ Kf8 35. Bh6 Ke7 36. g4 f6 37. h4 Kf7 38. g5 f5 39. h5 Rc4 40. hxg6+ hxg6 41. Kf1 Rxb4 42. Ke2 Rb7 43. f3 exf3+ 44. Kxf3 a5 45. Kf4 Rb5 0-1

[Event "EYCC Open-U10 2019"]
[Site "Bratislava"]
[Date "2019.08.02"]
[Round "1.8"]
[White "Usov, Aleksandr E."]
[Black "Blumenthal, Michael"]
[Result "1-0"]
[ECO "B22"]
[WhiteElo "1809"]
[BlackElo "1311"]
[Annotator "NA"]
[PlyCount "71"]
[EventDate "2019.08.02"]
[EventType "swiss"]
[EventCountry "SVK"]
[SourceTitle "playchess.com"]
[Source "ChessBase"]
[SourceQuality "1"]
[TimeControl "40/5400+30:1800+30"]

1. e4 c5 2. c3 g6 3. d4 cxd4 4. cxd4 d5 5. e5 Nc6 6. Nf3 Bg7 7. Bb5 Bg4 8. Bf4 Nh6 9. Nc3 Bxf3 10. Qxf3 Nf5 11. Rd1 a6 12. Bxc6+ bxc6 13. g4 Nh6 14. O-O e6 15. Bxh6 Bxh6 16. Qg3 Kd7 17. Na4 Bf8 18. Rc1 h5 19. Qf3 Rh7 20. gxh5 gxh5 21. Qb3 Rb8 22. Qd3 Qg5+ 23. Kh1 Qf5 24. Qxf5 exf5 25. a3 Rh6 26. b4 a5 27. bxa5 Bxa3 28. Rb1 Rhh8 29. Nb6+ Kc7 30. Rb3 Be7 31. Rc1 Rhd8 32. Rbc3 c5 33. dxc5 d4 34. Rc4 d3 35. a6 Bxc5 36. Na4 1-0

[Event "EYCC Open-U10 2019"]
[Site "Bratislava"]
[Date "2019.08.02"]
[Round "1.9"]
[White "Farias, David Nuno M E"]
[Black "Giang, Tran Nam"]
[Result "0-1"]
[ECO "B42"]
[WhiteElo "1372"]
[BlackElo "1931"]
[Annotator "NA"]
[PlyCount "88"]
[EventDate "2019.08.02"]
[EventType "swiss"]
[EventCountry "SVK"]
[SourceTitle "playchess.com"]
[Source "ChessBase"]
[SourceQuality "1"]
[TimeControl "40/5400+30:1800+30"]

1. e4 c5 2. Nf3 e6 3. d4 cxd4 4. Nxd4 a6 5. Bd3 Qb6 6. Nb3 Qc7 7. O-O Nf6 8. N1d2 Nc6 9. c3 Be7 10. Nf3 O-O 11. Nbd4 d6 12. Nxc6 bxc6 13. Qc2 e5 14. c4 Bg4 15. Nd2 Nd7 16. f3 Bh5 17. b3 Nc5 18. Be2 Ne6 19. Re1 Qb6+ 20. Kh1 Qf2 21. Qd1 Nf4 22. Bf1 d5 23. g3 Bc5 24. Bh3 Nxh3 25. Rf1 Qd4 26. Kg2 Qxa1 27. Kxh3 Qd4 28. Qc2 dxe4 29. Nxe4 Bg6 30. Rd1 Bxe4 31. fxe4 Qf2 32. Qc3 Bd4 33. Qd3 f5 34. Qb1 fxe4 35. Ba3 Rf5 36. Qxe4 Rh5+ 37. Kg4 Qxh2 38. Rxd4 Qh3+ 39. Kf3 exd4 40. Qxd4 Rf5+ 41. Ke2 Qg2+ 42. Kd3 Rf3+ 43. Ke4 Qe2+ 44. Qe3 Qxe3# 0-1

[Event "EYCC Open-U10 2019"]
[Site "Bratislava"]
[Date "2019.08.02"]
[Round "1.10"]
[White "Azadaliyev, Jahandar"]
[Black "Stary, Vojtech"]
[Result "1-0"]
[ECO "D35"]
[WhiteElo "1905"]
[BlackElo "1334"]
[Annotator "NA"]
[PlyCount "55"]
[EventDate "2019.08.02"]
[EventType "swiss"]
[EventCountry "SVK"]
[SourceTitle "playchess.com"]
[Source "ChessBase"]
[SourceQuality "1"]
[TimeControl "40/5400+30:1800+30"]

1. d4 d5 2. c4 e6 3. Nc3 Nf6 4. cxd5 exd5 5. Bg5 c6 6. e3 Be7 7. Bd3 O-O 8. Qc2 h6 9. Bh4 Be6 10. Nge2 Nbd7 11. O-O Nb6 12. f3 Qc7 13. Nf4 Bd7 14. Bxf6 Bxf6 15. Ncxd5 Nxd5 16. Nxd5 Qd8 17. Nxf6+ Qxf6 18. Rad1 Qe6 19. e4 Qxa2 20. f4 Qe6 21. f5 Qe8 22. e5 Qd8 23. Rf3 Qb6 24. Be4 Kh8 25. f6 g6 26. Bxg6 Bg4 27. Qc1 Bxf3 28. Qxh6+ 1-0

[Event "EYCC Open-U10 2019"]
[Site "Bratislava"]
[Date "2019.08.03"]
[Round "2.1"]
[White "Materia, Marco"]
[Black "Sommer, Justus"]
[Result "1-0"]
[ECO "D35"]
[WhiteElo "2243"]
[BlackElo "1671"]
[Annotator "NA"]
[PlyCount "93"]
[EventDate "2019.08.02"]
[EventType "swiss"]
[EventCountry "SVK"]
[SourceTitle "playchess.com"]
[Source "ChessBase"]
[SourceQuality "1"]
[TimeControl "40/5400+30:1800+30"]

1. d4 d5 2. c4 e6 3. Nc3 Nf6 4. cxd5 exd5 5. Bg5 Be7 6. e3 c6 7. Bd3 Nbd7 8. Qc2 h6 9. Bh4 Nh5 10. Bxe7 Qxe7 11. Nge2 Nb6 12. O-O O-O 13. Rae1 Re8 14. Nc1 Nf6 15. f3 Qd6 16. Nb3 Be6 17. Nc5 Re7 18. Qf2 Rd8 19. Kh1 Bc8 20. Nb3 Be6 21. Na1 Nbd7 22. Bb1 Nf8 23. Nc2 Rde8 24. e4 dxe4 25. fxe4 Ng4 26. Qg1 Bc4 27. Rf3 Qd7 28. h3 Nf6 29. e5 Nd5 30. Ne4 b6 31. b3 Ba6 32. Ne3 Ne6 33. Nf5 c5 34. Nxe7+ Qxe7 35. dxc5 bxc5 36. Nd6 Rf8 37. Rg3 Nd4 38. Qf2 Nc7 39. Qf4 Kh8 40. Nf5 Nxf5 41. Bxf5 Ne6 42. Qg4 Rg8 43. Bxe6 fxe6 44. Rd1 Bb7 45. Rf1 Ba6 46. Rf6 Bc8 47. Rxh6+ 1-0

[Event "EYCC Open-U10 2019"]
[Site "Bratislava"]
[Date "2019.08.03"]
[Round "2.2"]
[White "Panda, Barnabas"]
[Black "Finek, Vaclav"]
[Result "0-1"]
[ECO "D82"]
[WhiteElo "1625"]
[BlackElo "2043"]
[Annotator "NA"]
[PlyCount "44"]
[EventDate "2019.08.02"]
[EventType "swiss"]
[EventCountry "SVK"]
[SourceTitle "playchess.com"]
[Source "ChessBase"]
[SourceQuality "1"]
[TimeControl "40/5400+30:1800+30"]

1. d4 Nf6 2. c4 g6 3. Nc3 d5 4. Bf4 Bg7 5. e3 c5 6. dxc5 Qa5 7. Qa4+ Qxa4 8. Nxa4 Bd7 9. Nc3 Ne4 10. Nxd5 Na6 11. Bd3 Nexc5 12. Bc2 e6 13. Nc3 Nb4 14. O-O-O Bxc3 15. bxc3 Nxc2 16. Rxd7 Nxd7 17. Kxc2 O-O 18. Nf3 Rac8 19. Rd1 Rfd8 20. h3 Nc5 21. Bg5 Rxd1 22. Kxd1 Ne4 0-1

[Event "EYCC Open-U10 2019"]
[Site "Bratislava"]
[Date "2019.08.03"]
[Round "2.3"]
[White "Vetokhin, Savva"]
[Black "Gut, Lionel"]
[Result "1-0"]
[ECO "B40"]
[WhiteElo "1954"]
[BlackElo "1583"]
[Annotator "NA"]
[PlyCount "81"]
[EventDate "2019.08.02"]
[EventType "swiss"]
[EventCountry "SVK"]
[SourceTitle "playchess.com"]
[Source "ChessBase"]
[SourceQuality "1"]
[TimeControl "40/5400+30:1800+30"]

1. e4 c5 2. Nf3 e6 3. c4 d6 4. Nc3 Nf6 5. d4 cxd4 6. Nxd4 a6 7. Be2 Be7 8. O-O O-O 9. Be3 b6 10. Qd2 Bb7 11. f3 Nbd7 12. Rfc1 Rc8 13. a4 Ne5 14. b3 Re8 15. Nc2 Bf8 16. Rd1 Ng6 17. Qe1 Qc7 18. Rac1 Ba8 19. Nb4 Bb7 20. Nd3 Ba8 21. Rc2 d5 22. exd5 exd5 23. Qf2 dxc4 24. bxc4 Re6 25. Rb1 Bc5 26. Nxc5 bxc5 27. Nd5 Nxd5 28. cxd5 Bxd5 29. Rxc5 Qd7 30. Rxc8+ Qxc8 31. Ba7 Qc2 32. Rb8+ Nf8 33. Qc5 Qxc5+ 34. Bxc5 h6 35. Rxf8+ Kh7 36. Bd3+ g6 37. Rxf7+ Kg8 38. Rf8+ Kg7 39. Rd8 Bc6 40. Bd4+ Kf7 41. Bc4 1-0

[Event "EYCC Open-U10 2019"]
[Site "Bratislava"]
[Date "2019.08.03"]
[Round "2.4"]
[White "Bazilius, Augustinas"]
[Black "Royal, Shreyas"]
[Result "1-0"]
[ECO "E69"]
[WhiteElo "1666"]
[BlackElo "1996"]
[Annotator "NA"]
[PlyCount "113"]
[EventDate "2019.08.02"]
[EventType "swiss"]
[EventCountry "SVK"]
[SourceTitle "playchess.com"]
[Source "ChessBase"]
[SourceQuality "1"]
[TimeControl "40/5400+30:1800+30"]

1. d4 Nf6 2. c4 g6 3. Nf3 Bg7 4. g3 d6 5. Nc3 O-O 6. Bg2 Nbd7 7. O-O e5 8. e4 c6 9. h3 Qa5 10. Be3 exd4 11. Nxd4 Nb6 12. Qe2 Qh5 13. Qxh5 Nxh5 14. b3 f5 15. exf5 gxf5 16. Nde2 f4 17. gxf4 d5 18. cxd5 Nxd5 19. Nxd5 cxd5 20. Rad1 d4 21. Bxd4 Nxf4 22. Nxf4 Rxf4 23. Bxg7 Kxg7 24. Rd8 Rf8 25. Rfd1 Bf5 26. Rxa8 Rxa8 27. Bxb7 Re8 28. Kg2 Re2 29. a4 Rb2 30. Bd5 Bc2 31. Rd4 a5 32. Rg4+ Kf6 33. Rg3 Ke5 34. Bc4 Be4+ 35. Kf1 Kf4 36. Rg4+ Kf5 37. Rh4 Ke5 38. Rh5+ Kd4 39. Kg1 Rb1+ 40. Kh2 Rh1+ 41. Kg3 Rg1+ 42. Kf4 Rg2 43. Rxa5 Rxf2+ 44. Kg5 Rg2+ 45. Kf6 Rg6+ 46. Ke7 Rg3 47. Be6 Rg7+ 48. Kd6 Rb7 49. Rb5 Ra7 50. Rb4+ Ke3 51. Ke5 Bg2 52. Rg4 Ra5+ 53. Kf6 Be4 54. Rg5 Ra6 55. Rc5 Kd4 56. Rb5 Bd3 57. Rd5+ {Kxd5} 1-0

[Event "EYCC Open-U10 2019"]
[Site "Bratislava"]
[Date "2019.08.03"]
[Round "2.5"]
[White "Samunenkov, Ihor"]
[Black "Villa Tornero, Alex"]
[Result "1-0"]
[ECO "A45"]
[WhiteElo "1985"]
[BlackElo "1657"]
[Annotator "NA"]
[PlyCount "91"]
[EventDate "2019.08.02"]
[EventType "swiss"]
[EventCountry "SVK"]
[SourceTitle "playchess.com"]
[Source "ChessBase"]
[SourceQuality "1"]
[TimeControl "40/5400+30:1800+30"]

1. d4 Nf6 2. g3 d5 3. Nf3 c5 4. Bg2 cxd4 5. O-O h6 6. a3 a6 7. Nxd4 e5 8. Nf3 Nc6 9. b4 Be6 10. Bb2 Qc7 11. Nbd2 Rc8 12. Rc1 b5 13. Nb3 Bd6 14. Ne1 O-O 15. Nd3 Qa7 16. Ndc5 a5 17. Nxe6 fxe6 18. bxa5 Nxa5 19. Nxa5 Qxa5 20. Qd3 Qb6 21. e3 Rc4 22. Bh3 Bb8 23. Qg6 Rc6 24. Qd3 Ne4 25. Kg2 Rc4 26. f4 Qc6 27. f5 d4 28. Kg1 dxe3 29. fxe6 Nf2 30. Bg2 Nxd3 31. Bxc6 Nxc1 32. e7 Ne2+ 33. Kg2 Nf4+ 34. Rxf4 Rcxf4 35. gxf4 Rc8 36. e8=Q+ Rxe8 37. Bxe8 exf4 38. Bxb5 Kf7 39. Kf3 g5 40. h3 Bc7 41. a4 Bd8 42. Ke4 Bb6 43. Bc3 h5 44. Be2 h4 45. a5 Ba7 46. Bd4 1-0

[Event "EYCC Open-U10 2019"]
[Site "Bratislava"]
[Date "2019.08.03"]
[Round "2.6"]
[White "Ribstein, Orel"]
[Black "Usov, Aleksandr E."]
[Result "0-1"]
[ECO "D02"]
[WhiteElo "1667"]
[BlackElo "1809"]
[Annotator "NA"]
[PlyCount "130"]
[EventDate "2019.08.02"]
[EventType "swiss"]
[EventCountry "SVK"]
[SourceTitle "playchess.com"]
[Source "ChessBase"]
[SourceQuality "1"]
[TimeControl "40/5400+30:1800+30"]

1. d4 d5 2. Nf3 Nf6 3. c4 c6 4. g3 Bf5 5. Nc3 e6 6. Nh4 Be4 7. f3 Bg6 8. Qb3 Qb6 9. Nxg6 hxg6 10. c5 Qxb3 11. axb3 Nbd7 12. b4 e5 13. e3 Be7 14. b5 Nh5 15. Kf2 f5 16. Bd3 e4 17. fxe4 fxe4 18. Be2 O-O+ 19. Kg2 Nhf6 20. Bd2 Rfb8 21. Ra2 a6 22. bxa6 bxa6 23. Rha1 a5 24. Nd1 Bd8 25. Bxa5 Bxa5 26. Rxa5 Rxa5 27. Rxa5 Rb4 28. Kf2 g5 29. h3 Kf7 30. Ke1 g6 31. g4 Ne8 32. Kd2 Ke7 33. Kc3 Rb7 34. b4 Nc7 35. Kb3 Rb8 36. Ra7 Kd8 37. Nc3 Nf6 38. Ka4 Nfe8 39. Ra5 Kc8 40. b5 cxb5+ 41. Bxb5 Nf6 42. Ba6+ Kd7 43. Nb5 Nfe8 44. Nc3 Rb2 45. Be2 Nf6 46. Ka3 Rb8 47. Ra7 Kd8 48. Ka4 Rb2 49. Ka3 Rxe2 50. Rxc7 Rxe3 51. Rf7 Rxc3+ 52. Kb2 Rf3 53. Kc2 Nxg4 54. Rg7 Ne3+ 55. Kd2 Nc4+ 56. Ke2 Rf6 57. Rg8+ Kc7 58. Rg7+ Kc6 59. Ra7 Rf3 60. Ra6+ Kb5 61. Rxg6 Rxh3 62. Rxg5 Rh2+ 63. Ke1 Nd2 64. Rg8 Nf3+ 65. Kf1 Nxd4 0-1

[Event "EYCC Open-U10 2019"]
[Site "Bratislava"]
[Date "2019.08.03"]
[Round "2.7"]
[White "Giang, Tran Nam"]
[Black "Dyachuk, Artem"]
[Result "1-0"]
[ECO "B33"]
[WhiteElo "1931"]
[BlackElo "1538"]
[Annotator "NA"]
[PlyCount "93"]
[EventDate "2019.08.02"]
[EventType "swiss"]
[EventCountry "SVK"]
[SourceTitle "playchess.com"]
[Source "ChessBase"]
[SourceQuality "1"]
[TimeControl "40/5400+30:1800+30"]

1. e4 c5 2. Nf3 e6 3. d4 cxd4 4. Nxd4 Nc6 5. Nb5 Nf6 6. N1c3 d6 7. Bf4 e5 8. Bg5 a6 9. Na3 Be6 10. Nc4 Nd4 11. Bxf6 gxf6 12. Ne3 Bh6 13. Ncd5 f5 14. exf5 Bxd5 15. Nxd5 Qa5+ 16. Nc3 Rg8 17. g3 Rc8 18. Bd3 Rxc3 19. bxc3 Qd5 20. f3 Nxf3+ 21. Kf2 Ng5 22. Qh5 e4 23. Rhe1 Kd7 24. Be2 Bf8 25. Rad1 Qxf5+ 26. Kg2 Qg6 27. Qxg6 hxg6 28. Bc4 b5 29. Bd5 Bg7 30. h4 Ne6 31. Rxe4 Bxc3 32. Rf1 Rg7 33. Rxf7+ Rxf7 34. Bxe6+ Ke7 35. Bxf7+ Kxf7 36. Kf3 d5 37. Re3 b4 38. Rd3 Ke6 39. Kg4 Bf6 40. h5 gxh5+ 41. Kxh5 d4 42. g4 Kf7 43. g5 Bg7 44. Rf3+ Kg8 45. Kg6 a5 46. Rf7 Bf8 47. Rxf8+ 1-0

[Event "EYCC Open-U10 2019"]
[Site "Bratislava"]
[Date "2019.08.03"]
[Round "2.8"]
[White "Grabs, Peter"]
[Black "Azadaliyev, Jahandar"]
[Result "1/2-1/2"]
[ECO "B17"]
[WhiteElo "1638"]
[BlackElo "1905"]
[Annotator "NA"]
[PlyCount "90"]
[EventDate "2019.08.02"]
[EventType "swiss"]
[EventCountry "SVK"]
[SourceTitle "playchess.com"]
[Source "ChessBase"]
[SourceQuality "1"]
[TimeControl "40/5400+30:1800+30"]

1. e4 c6 2. d4 d5 3. Nd2 dxe4 4. Nxe4 Nd7 5. Ng5 Ngf6 6. Bd3 e6 7. N1f3 Be7 8. Qe2 O-O 9. Bd2 h6 10. Nxe6 fxe6 11. Qxe6+ Kh8 12. Nh4 g5 13. Ng6+ Kg7 14. Nxf8 Nxf8 15. Qe2 Ne6 16. c3 c5 17. dxc5 Nxc5 18. Bc2 Qf8 19. O-O-O Ne6 20. g3 Bd7 21. f4 g4 22. Rde1 Re8 23. Be3 Bc5 24. Qf2 Bxe3+ 25. Rxe3 Qc5 26. Re2 Qxf2 27. Rxf2 Nc5 28. Rd1 Bc6 29. Rff1 Bd5 30. Kb1 h5 31. Rfe1 Rxe1 32. Rxe1 Nce4 33. Bxe4 Bxe4+ 34. Kc1 Kg6 35. Kd2 Kf5 36. Ke3 Bf3 37. Kd4 Ne4 38. a3 Bg2 39. Rg1 Bf3 40. Re1 b6 41. b4 b5 42. c4 bxc4 43. Kxc4 a6 44. Kd4 Bg2 45. a4 Nd2 1/2-1/2

[Event "EYCC Open-U10 2019"]
[Site "Bratislava"]
[Date "2019.08.03"]
[Round "2.9"]
[White "Povshednyi, Ivan"]
[Black "Rudnev, Andrei"]
[Result "1-0"]
[ECO "B18"]
[WhiteElo "1872"]
[BlackElo "1607"]
[Annotator "NA"]
[PlyCount "67"]
[EventDate "2019.08.02"]
[EventType "swiss"]
[EventCountry "SVK"]
[SourceTitle "playchess.com"]
[Source "ChessBase"]
[SourceQuality "1"]
[TimeControl "40/5400+30:1800+30"]

1. e4 c6 2. d4 d5 3. Nd2 dxe4 4. Nxe4 Bf5 5. Ng3 Bg6 6. Nf3 Nf6 7. Be2 e6 8. O-O Qc7 9. c4 Nbd7 10. Re1 h6 11. Bf1 O-O-O 12. Be3 Bh7 13. Qa4 a6 14. b4 Nb8 15. Rec1 g5 16. Qb3 Bg7 17. b5 Nfd7 18. Nh5 Bf8 19. bxc6 bxc6 20. d5 c5 21. dxe6 fxe6 22. Rd1 Bg6 23. Ng3 Bg7 24. Rac1 g4 25. Nh4 Bh7 26. Bd3 Bxd3 27. Rxd3 Ne5 28. Rxd8+ Rxd8 29. Qc2 Nbd7 30. Ng6 Nf8 31. Nxe5 Qxe5 32. Qa4 Kb7 33. Rb1+ Ka7 34. Qa5 1-0

[Event "EYCC Open-U10 2019"]
[Site "Bratislava"]
[Date "2019.08.03"]
[Round "2.10"]
[White "Chon, Jeremy"]
[Black "Zverev, Lev"]
[Result "0-1"]
[ECO "D05"]
[WhiteElo "1594"]
[BlackElo "1849"]
[Annotator "NA"]
[PlyCount "68"]
[EventDate "2019.08.02"]
[EventType "swiss"]
[EventCountry "SVK"]
[SourceTitle "playchess.com"]
[Source "ChessBase"]
[SourceQuality "1"]
[TimeControl "40/5400+30:1800+30"]

1. d4 d5 2. Nf3 e6 3. e3 Nf6 4. Bd3 Bd6 5. Nbd2 O-O 6. O-O c5 7. c3 Qc7 8. dxc5 Bxc5 9. e4 dxe4 10. Nxe4 Nxe4 11. Bxe4 f5 12. Bc2 Bd6 13. Nd4 Bxh2+ 14. Kh1 Be5 15. Nf3 Bf6 16. Bb3 Kh8 17. Bg5 Nc6 18. Bxf6 Rxf6 19. Re1 Bd7 20. Ba4 Rd8 21. Kg1 Be8 22. Qc2 Bh5 23. Qb3 Bxf3 24. gxf3 Rg6+ 25. Kf1 Ne5 26. c4 Nxc4 27. Rac1 Nd2+ 28. Ke2 Qxc1 29. Rxc1 Nxb3 30. Bxb3 Rf6 31. Rc7 Rb8 32. Re7 h5 33. Rxe6 Rxe6+ 34. Bxe6 Re8 0-1

[Event "EYCC Open-U10 2019"]
[Site "Bratislava"]
[Date "2019.08.04"]
[Round "3.1"]
[White "Golovchenko, Bogdan"]
[Black "Materia, Marco"]
[Result "0-1"]
[ECO "D00"]
[WhiteElo "1723"]
[BlackElo "2243"]
[Annotator "NA"]
[PlyCount "84"]
[EventDate "2019.08.02"]
[EventType "swiss"]
[EventCountry "SVK"]
[SourceTitle "playchess.com"]
[Source "ChessBase"]
[SourceQuality "1"]
[TimeControl "40/5400+30:1800+30"]

1. d4 d5 2. Bf4 Nf6 3. e3 e6 4. Nf3 Bd6 5. Bg3 O-O 6. Nbd2 c5 7. c3 Qc7 8. Ne5 Nfd7 9. Nxd7 Nxd7 10. Bd3 Re8 11. Bxd6 Qxd6 12. f4 b6 13. Nf3 Nf8 14. g4 c4 15. Bc2 Bd7 16. g5 b5 17. Ne5 Reb8 18. Qh5 Be8 19. Qf3 a5 20. h4 b4 21. O-O Ra7 22. Kh1 bxc3 23. bxc3 Rb2 24. Rf2 Rb8 25. h5 a4 26. e4 Bc6 27. Nxc6 Qxc6 28. e5 g6 29. hxg6 fxg6 30. Qh3 a3 31. Qh6 Qe8 32. Qh2 Rb2 33. Bd1 Qb5 34. Rc2 Rb7 35. Kg1 Rb1 36. Rxb1 Qxb1 37. Qd2 Rb2 38. Kf2 Qxa2 39. Qc1 Qb3 40. Ke1 Rxc2 41. Bxc2 Qxc3+ 42. Ke2 a2 0-1